 Dungeon Crawl Stone Soup version 0.31.0-11-ge490571c62 (webtiles) character file.

Game seed: 11507407076661225861

688 booth the Chopper (level 7, -1/56 HPs)
             Began as a Minotaur Fighter on Feb 7, 2024.
             Was a Believer of Hepliaklqana.
             Slain by Pikel
             ... wielding a +1 whip of freezing
              (9 damage)
             ... on level 4 of the Dungeon.
             The game lasted 00:18:19 (2807 turns).

booth the Chopper (Minotaur Fighter)                Turns: 2807, Time: 00:18:19

Health: -1/56      AC:  8    Str: 20    XL:     7   Next: 36%
Magic:  6/6        EV:  9    Int:  7    God:    Hepliaklqana [**....]
Gold:   173        SH:  5    Dex: 16    Spells: 6/6 levels left

rFire   . . .        a - +1 war axe
rCold   . . .        c - +0 buckler
rNeg    . . .        b - +0 scale mail
rPois   .            (helmet restricted)
rElec   .            p - +0 cloak
rCorr   .            (no gloves)
SInv    .            (no boots)
Will    .....        g - amulet of regeneration Stlth
                     f - +6 ring of dexterity
HPRegen 1.09/turn    (no ring)
MPRegen 0.10/turn

%: no passive effects
@: no status effects
A: reduced essence, horns 2, retaliatory headbutt
a: Renounce Religion, Recall Ancestor, Ancestor Identity


You were on level 4 of the Dungeon.
You worshipped Hepliaklqana.
Hepliaklqana was pleased with you.
You visited 2 branches of the dungeon, and saw 5 of its levels.

You collected 173 gold pieces.

Inventory:

Hand Weapons
 a - a +1 war axe (weapon)
 o - the +4 whip of Dyinutot {venom, rElec}
   (You found it on level 2 of the Dungeon)

   rElec:     It insulates you from electricity.
Missiles
 h - a boomerang (quivered)
Armour
 b - a +0 scale mail (worn)
 c - a +0 buckler (worn)
 p - a +0 cloak (worn)
 s - a +0 chain mail
Jewellery
 f - a +6 ring of dexterity (left hand)
 g - an amulet of regeneration (around neck)
Scrolls
 i - a scroll of fog
 j - 2 scrolls of teleportation
 l - a scroll of vulnerability {unknown}
 m - a scroll of revelation {unknown}
 n - a scroll of immolation {unknown}
 q - 2 scrolls of identify
Potions
 d - 3 potions of might
 e - a potion of berserk rage
 k - a potion of curing
 r - a potion of invisibility {unknown}
 t - a potion of brilliance {unknown}


   Skills:
 + Level 6.0 Fighting
 * Level 7.2 Axes
 + Level 6.1 Armour
 - Level 3.6 Shields


You had 6 spell levels left.
You didn't know any spells.
Your spell library contained the following spells:

 Spells                   Type           Power      Damage    Failure   Level
 Ensorcelled Hibernation  Hex/Ice        0%         N/A       92%         2
 Passwall                 Erth           0%         N/A       99%         3
 Swiftness                Air            0%         N/A       99%         3


Dungeon Overview and Level Annotations

Branches:
Dungeon (4/15)             Temple (1/1) D:4

Altars:
Cheibriados
Dithmenos
Elyvilon
Gozag
Hepliaklqana
Kikubaaqudgha
Nemelex Xobeh
Okawaru
Qazlal
Ru
Trog
Uskayaw
Vehumet
Wu Jian
Yredelemnul
The Shining One

Annotations:
D:4 Pikel


Innate Abilities, Weirdness & Mutations

Your life essence is reduced to manifest your ancestor. (-10% HP)
You have a pair of horns on your head.
You reflexively headbutt those who attack you in melee.


Message History

You hit the lemure but do no damage. You closely miss the lemure.
You hit the lemure but do no damage. You hit the lemure.
You block the lemure's attack. The lemure barely misses you.
You furiously retaliate!
You headbutt the lemure!
Pikel hits you with a +1 whip of freezing.
Pikel freezes you.
The lemure hits you but does no damage. x2
You hit Pikel but do no damage. You hit the lemure. x3
You barely miss the lemure.
Mina hits the lemure with a +0 dagger of draining.
The lemure hits Mina.
The lemure hits you.
* * * LOW HITPOINT WARNING * * *
Pikel hits you with a +1 whip of freezing.
* * * LOW HITPOINT WARNING * * *
Pikel freezes you.
* * * LOW HITPOINT WARNING * * *
You block the lemure's attack. The lemure hits you but does no damage.
Mina hits the lemure with a +0 dagger of draining. x2
It was a potion of curing.
You feel better.
Pikel hits you with a +1 whip of freezing.
* * * LOW HITPOINT WARNING * * *
Pikel freezes you.
* * * LOW HITPOINT WARNING * * *
The lemure hits Mina.
The lemure hits you.
* * * LOW HITPOINT WARNING * * *
The lemure completely misses you. You furiously retaliate!
You headbutt the lemure! The lemure hits you.
* * * LOW HITPOINT WARNING * * *
Mina misses the lemure.
Mina casts a spell at the lemure.
The lemure resists with some effort.
You barely miss Pikel. You slash the lemure! You hit the lemure.
You slash the lemure!
You kill the lemure!
That felt strangely unrewarding.
You catch the helpless lemure completely off-guard!
You slash the lemure! The lemure hits you.
* * * LOW HITPOINT WARNING * * *
Pikel hits you with a +1 whip of freezing!
You die...
Pikel says, "See you in Hell!"

..........###........
.#...#..............##
###..##........<..... .
# #.#............###..
### ........##.$......#
... ..#.....#........#
......##..............##
.....# #.?....R5........
...## ##......5@.......
.#.# ..........5K......#
## .....)........#...##
# #.............###.# ##
#......!....### # .#
#...........# .#
............. .# ......>
##


You could see the friendly Mina the hexer, Pikel and 3 lemures.

Vanquished Creatures
  Sigmund (D:2)
  A black bear (D:4)
  A lemure (D:4)
  Crazy Yiuf (D:2)
  Jessica (D:2)
  Terence (D:3)
  An orc wizard (D:4)
  2 gnolls (D:3)
  An adder (D:2)
  3 orcs (D:4)
  10 ball pythons
  4 bats
  9 endoplasms
  4 giant cockroaches (D:1)
  8 goblins
  7 hobgoblins
  7 jackals
  3 quokkas
  7 kobolds
  5 rats
77 creatures vanquished.

Vanquished Creatures (collateral kills)
  Eustachio (D:4)
  A bombardier beetle (D:3)
  A hound (D:4)
  An orc wizard (D:4)
  A gnoll (D:3)
  An adder (D:4)
  A ribbon worm (D:4)
  4 orcs (D:4)
  A goblin (D:4)
  A quokka (D:4)
  A ball python (D:4)
  A kobold (D:3)
15 creatures vanquished.

Vanquished Creatures (others)
  An ancestor (D:2)
1 creature vanquished.

Grand Total: 93 creatures vanquished

Notes
Turn   | Place    | Note
-------+----------+-------------------------------------------
     0 | D:1      | booth the Minotaur Fighter began the quest for the Orb.
     0 | D:1      | Reached XP level 1. HP: 19/19 MP: 0/0
    83 | D:1      | Reached XP level 2. HP: 27/27 MP: 1/1
    84 | D:1      | Reached skill level 3 in Axes
   518 | D:1      | Reached XP level 3. HP: 33/33 MP: 2/2
   900 | D:2      | Found a faded altar of an unknown god.
   921 | D:2      | Reached skill level 4 in Axes
   930 | D:2      | Prayed at the altar of an unknown god.
   930 | D:2      | Became a worshipper of Hepliaklqana the Forgotten
   930 | D:2      | Reached * piety under Hepliaklqana
  1095 | D:2      | Noticed Sigmund
  1109 | D:2      | Killed Sigmund
  1110 | D:2      | Reached skill level 5 in Axes
  1110 | D:2      | Reached XP level 4. HP: 16/36 MP: 3/3
  1110 | D:2      | Reached XP level 5. HP: 19/42 MP: 4/4
  1154 | D:2      | Noticed Jessica
  1157 | D:2      | Killed Jessica
  1158 | D:2      | Reached skill level 5 in Fighting
  1158 | D:2      | Reached skill level 5 in Armour
  1239 | D:2      | Identified the +4 whip of Dyinutot {venom, rElec}
  1295 | D:2      | Found a runed translucent door.
  1296 | D:2      | Noticed Crazy Yiuf
  1301 | D:2      | Killed Crazy Yiuf
  1302 | D:2      | Reached XP level 6. HP: 41/50 MP: 5/5
  1372 | D:3      | Noticed Terence
  1381 | D:3      | Killed Terence
  1517 | D:3      | Found an opulent altar of Gozag.
  1596 | D:3      | Reached skill level 6 in Axes
  2309 | D:3      | Reached ** piety under Hepliaklqana
  2310 | D:3      | Remembered your ancestor Mina as a hexer
  2665 | D:4      | Found a staircase to the Ecumenical Temple.
  2695 | D:4      | Noticed Eustachio
  2717 | D:4      | Killed Eustachio
  2718 | D:4      | Reached skill level 7 in Axes
  2718 | D:4      | Reached XP level 7. HP: 55/55 MP: 6/6
  2739 | Temple   | Entered the Ecumenical Temple
  2794 | D:4      | Noticed Pikel
  2807 | D:4      | Slain by Pikel

Illustrated notes

Levels and vault maps discovered:
D:1:      mrwooster_arrival_statue_2, layout_loops_ring, minmay_heptomino_w4
D:2:      layout_basic, nicolae_ecumenical_snake_handling, uniq_jessica,
          uniq_crazy_yiuf_cottage, uniq_sigmund
D:3:      layout_basic, nicolae_gozag_seed_capital, uniq_terence
D:4:      layout_cave_pools, mainiacjoe_overflow_brackets,
          minmay_temple_entry_grid, serial_shops, nicolae_diamond_shop,
          uniq_eustachio, uniq_pikel, uniq_robin
Temple:   eino_temple_lava

Skill      XL: |  1  2  3  4  5  6  7 |
---------------+----------------------+-----
Axes           | 3 5 7 |  7.2
Fighting       | 4 5 6 |  6.0
Armour         | 4 5 6 |  6.1
Shields        | |  3.6

Action                     |  1- 3 |  4- 6 |  7- 9 || total
---------------------------+-------+-------+-------++-------
  Melee: War axe           |    64 |    63 |    12 ||   139
         Headbutt          |    12 |     9 |     1 ||    22
 Invoke: Ancestor Identity |     1 |       |       ||     1
         Ancestor Life: He |       |     1 |       ||     1
    Use: Scroll            |     2 |     3 |       ||     5
         Potion            |       |       |     1 ||     1
   Stab: Distracted        |       |     1 |     1 ||     2
         Confused          |       |     1 |       ||     1
 Armour: Scale mail        |    63 |    33 |    31 ||   127
  Dodge: Dodged            |    41 |    32 |     5 ||    78
  Block: Buckler           |    20 |    16 |     6 ||    42
